 Dungeon Crawl Stone Soup version 0.26-a0-651-gb41185065b (webtiles) character file.

Game seed: 3893315493056945742

1778 strifetoe the Grappler (level 8, 0/74 HPs)
             Began as a Troll Delver on Sept 28, 2020.
             Slain by Maggie
             ... wielding a +2 glaive of flaming
              (9 damage)
             ... on level 6 of the Dungeon.
             The game lasted 00:05:49 (3931 turns).

strifetoe the Grappler (Troll Delver)               Turns: 3931, Time: 00:05:50

Health: 0/74       AC:  7    Str: 23    XL:     8   Next: 81%
Magic:  7/7        EV: 10    Int:  6    God:
Gold:   200        SH:  0    Dex: 11    Spells: 7/7 levels left

rFire    x . .     SeeInvis .     - Unarmed
rCold    + . .     Faith    .   (no shield)
rNeg     . . .     Spirit   .   a - +1 robe
rPois    .         Reflect  .   (helmet restricted)
rElec    .         Harm     .   m - scarf {repulsion}
rCorr    .         Rampage  .   (gloves unavailable)
MR       .....     Rnd*Tele +   (boots unavailable)
Stlth    ++........             (no amulet)
HPRegen  0.62/turn              s - ring of ice
MPRegen  0.10/turn              t - ring of teleportation (curse)

@: mesmerised, repel missiles
A: large, unfitting armour, claws 3, regeneration 1, shaggy fur 1, tough skin 3
a: no special abilities


You were on level 6 of the Dungeon.
You visited 2 branches of the dungeon, and saw 7 of its levels.

You collected 200 gold pieces.

Inventory:

Armour
 a - a +1 robe (worn)
 m - a scarf of repulsion (worn)
Jewellery
 s - a ring of ice (left claw)
 t - a cursed ring of teleportation (right claw)
 u - an uncursed ring of resist corrosion
Wands
 f - a wand of digging (12)
Scrolls
 b - a scroll of fog
 c - a scroll of magic mapping
 d - a scroll of fear
 h - a scroll of remove curse {unknown}
 k - 2 scrolls of amnesia
 o - 7 scrolls of teleportation
 w - a scroll of enchant armour
Potions
 e - 2 potions of haste
 g - a potion of heal wounds {unknown}
 i - a potion of stabbing {unknown}
 j - 4 potions of curing
 l - a potion of flight {unknown}
 n - 3 potions of degeneration
 p - a potion of might {unknown}
 q - a potion of berserk rage {unknown}
 r - a potion of magic {unknown}
 v - 2 potions of lignification {unknown}


   Skills:
 - Level 2.4 Fighting
 - Level 1.5 Dodging
 - Level 2.7 Stealth
 + Level 11.4 Unarmed Combat


You had 7 spell levels left.
You didn't know any spells.
Your spell library was empty.

Dungeon Overview and Level Annotations

Branches:
Dungeon (6/15)             Temple (1/1) D:4

Altars:
Ashenzari
Cheibriados
Dithmenos
Elyvilon
Fedhas
Makhleb
Okawaru
Ru
Trog
Uskayaw
Vehumet
Wu Jian
Yredelemnul
Zin
The Shining One
Lugonu

Shops:
D:5 :

Annotations:
D:6 Maggie


Innate Abilities, Weirdness & Mutations

You are too large for most types of armour.
You have claws for hands.
Your natural rate of healing is unusually fast.
You are covered in fur. (AC +1)
You have extremely tough skin. (AC +3)


Message History

You claw Maggie!
Maggie is moderately wounded.
You barely miss Maggie.
Maggie is moderately wounded.
Maggie hits you but does no damage.
You mangle Maggie!!
Maggie is severely wounded.
Unknown command.
You barely miss Maggie. Your claw misses Maggie.
Maggie is severely wounded.
Maggie hits you with a +2 glaive of flaming!
Maggie burns you.
* * * LOW HITPOINT WARNING * * *
Unknown command.
You scratch Maggie.
Maggie is severely wounded.
Maggie hits you with a +2 glaive of flaming!
* * * LOW HITPOINT WARNING * * *
Maggie burns you!
You die...

#.# #.# #.# #.# #.# #.#
#.#
#.######################
.......>........@@.....#
..####################.#
..# ..# ..# ..# ..# ..#
..#


You could see Maggie (mesmerising).

Vanquished Creatures
  Pikel (D:4)
  Grinder (D:4)
  Sigmund (D:6)
  Edmund (D:6)
  A phantom (D:4)
  3 centaurs
  3 lemures (D:4)
  A scorpion (D:5)
  A howler monkey (D:4)
  An orc priest (D:3)
  3 orc wizards (D:3)
  A centaur skeleton (D:4)
  An iguana (D:4)
  3 worker ants
  3 hound skeletons (D:4)
  6 gnolls
  6 adders
  A shadow imp (D:5)
  An adder skeleton (D:4)
  4 worms
  2 dart slugs (D:1)
  A leopard gecko (D:1)
  6 orcs (D:3)
  7 bats
  4 giant cockroaches
  2 goblins
  4 hobgoblins
  15 jackals
  2 quokkas
  4 ball pythons
  10 frilled lizards
  6 kobolds
  7 rats
113 creatures vanquished.

Notes
Turn   | Place    | Note
-------+----------+-------------------------------------------
     0 | D:5      | strifetoe the Troll Delver began the quest for the Orb.
     0 | D:5      | Reached XP level 1. HP: 22/22 MP: 0/0
    18 | D:5      | Noticed a centaur
    26 | D:5      | Reached XP level 2. HP: 19/29 MP: 1/1
    31 | D:5      | Killed a centaur
    31 | D:5      | Reached skill level 4 in Unarmed Combat
    31 | D:5      | Reached XP level 3. HP: 21/36 MP: 2/2
    31 | D:5      | Reached XP level 4. HP: 25/44 MP: 3/3
    95 | D:4      | Noticed a phantom
   149 | D:4      | Killed a phantom
   149 | D:4      | Reached skill level 5 in Unarmed Combat
   149 | D:4      | Reached XP level 5. HP: 17/50 MP: 4/4
   177 | D:4      | Reached skill level 6 in Unarmed Combat
   247 | D:4      | You fall into a shaft and drop 1 floor!
   388 | D:5      | Found a sacrificial altar of Ru.
   540 | D:3      | Reached XP level 6. HP: 59/59 MP: 5/5
   583 | D:3      | Noticed a +0 hand axe
   585 | D:3      | Noticed a +0 dagger
   595 | D:3      | Reached skill level 7 in Unarmed Combat
   602 | D:3      | Found a hide-covered altar of Uskayaw.
  1162 | D:4      | Noticed Pikel
  1173 | D:4      | Killed Pikel
  1173 | D:4      | Reached skill level 9 in Unarmed Combat
  1173 | D:4      | Reached XP level 7. HP: 31/66 MP: 6/6
  1242 | D:4      | Noticed Grinder
  1262 | D:4      | Killed Grinder
  1262 | D:4      | Reached XP level 8. HP: 50/74 MP: 7/7
  1447 | D:4      | Found a staircase to the Ecumenical Temple.
  1567 | D:4      | Reached skill level 10 in Unarmed Combat
  1631 | Temple   | Entered the Ecumenical Temple
  2207 | D:2      | Found a glowing silver altar of Zin.
  3107 | D:5      | Found an iron altar of Okawaru.
  3117 | D:5      | Found a shadowy altar of Dithmenos.
  3676 | D:6      | Noticed Edmund
  3693 | D:6      | Killed Edmund
  3775 | D:6      | Reached skill level 11 in Unarmed Combat
  3867 | D:6      | Found an ornate altar of the Wu Jian Council.
  3870 | D:6      | Noticed Sigmund
  3876 | D:6      | Killed Sigmund
  3921 | D:6      | Noticed Maggie
  3931 | D:6      | Slain by Maggie

Illustrated notes

Levels and vault maps discovered:
D:1:      heliophobic_arrival_henge, layout_rooms, hangedman_decor_points
D:2:      layout_loops_ring, zin_scriptorium, minmay_tripent
D:3:      layout_loops_ring, dancing_weapons_uskayaw
D:4:      layout_loops_ring, lemuel_temple_firewalk_b, uniq_grinder, uniq_pikel
D:5:      layout_loops_corners, nicolae_ru_awakened_eye,
          grunt_dithmenos_smoke_and_mirrors, lemuel_crystal_altar, serial_shops,
          nicolae_shop_waterfront
D:6:      layout_basic, grunt_temple_overflow_opulence,
          nicolae_overflow_hidden_temple, uniq_sigmund, uniq_edmund, uniq_maggie
Temple:   corrupted_temple

Skill      XL: |  1  2  3  4  5  6  7  8 |
---------------+-------------------------+-----
Unarmed Combat | 4 5 6 9 11 | 11.4
Fighting       | |  2.4
Dodging        | |  1.5
Stealth        | |  2.7

Action                   |  1- 3 |  4- 6 |  7- 9 || total
-------------------------+-------+-------+-------++-------
Melee: Unarmed           |    11 |   166 |   116 ||   293
       Punch             |       |     3 |     6 ||     9
  Use: Scroll            |       |       |     7 ||     7
 Stab: Sleeping          |       |     4 |     6 ||    10
Armor: Robe              |     3 |    61 |    39 ||   103
Dodge: Dodged            |    10 |    77 |    38 ||   125

Table legend: (Time is in decaauts)
 A = Elapsed time spent in this place.
 B = Non-inter-level travel time spent in this place.
 C = Inter-level travel time spent in this place.
 D = Time resting spent in this place.
 E = Time spent auto-exploring this place.
 F = Levels seen in this place.
 G = Mean time per level.
                   A        B        C        D        E       F      G
               +--------+--------+--------+--------+--------+-----+--------+
         Total |   3893 |   3601 |    292 |    265 |   2532 |   7 |  556.1 |
       Dungeon |   3804 |   3529 |    275 |    265 |   2505 |   6 |  634.0 |
        Temple |     89 |     73 |     16 |      0 |     27 |   1 |   89.0 |
               +--------+--------+--------+--------+--------+-----+--------+

Top non-repeatable levels by time:
     D:4: 1081 daAuts
     D:5: 813 daAuts
     D:3: 680 daAuts
     D:2: 540 daAuts
     D:1: 437 daAuts
     D:6: 250 daAuts
  Temple: 89 daAuts
